 Dungeon Crawl Stone Soup version 0.29.0-4-gdea44cf6ec (webtiles) character file.

Game seed: 9712433193816028984

190 qw the Chopper (level 5, -1/54 HPs)
             Began as an Ogre Enchanter on Sept 3, 2022.
             Slain by a hornet (7 damage)
             ... on level 4 of the Dungeon.
             The game lasted 00:02:31 (4123 turns).

qw the Chopper (Ogre Enchanter)                     Turns: 4123, Time: 00:02:32

Health: -1/54      AC:  5    Str: 20    XL:     5   Next: 69%
Magic:  8/8        EV:  9    Int: 16    God:
Gold:   44         SH:  0    Dex:  9    Spells: 8/8 levels left

rFire   . . .      SeeInvis .   g - +0 war axe
rCold   . . .      Faith    .   (no shield)
rNeg    + . .      Spirit   .   b - +0 robe
rPois   .          Reflect  .   (helmet restricted)
rElec   .          Harm     .   m - +1 cloak
rCorr   .          Rampage  .   (gloves unavailable)
Will    .....                   (boots unavailable)
Stlth   ++........              (no amulet)
HPRegen 0.18/turn               l - ring of positive energy
MPRegen 0.11/turn               h - +6 ring of strength

@: lethally poisoned (-1 -> -10), slowed, very slow
A: large, unfitting armour, tough skin 1
a: no special abilities


You were on level 4 of the Dungeon.
You visited 1 branch of the dungeon, and saw 4 of its levels.

You collected 138 gold pieces.
You spent 94 gold pieces at shops.


Innate Abilities, Weirdness & Mutations

You are too large for most types of armour.
You have tough skin. (AC +1)


   Skills:
 - Level 4.0 Fighting
 - Level 0.8 Short Blades
 + Level 4.1 Axes
 - Level 1.7 Dodging
 - Level 2.1 Stealth
 - Level 2.4 Spellcasting
 - Level 2.6 Hexes


You had 8 spell levels left.
You didn't know any spells.
Your spell library contained the following spells:

 Spells                   Type           Power      Damage    Failure   Level
 Ensorcelled Hibernation  Hex/Ice        12%        N/A       17%         2
 Confusing Touch          Hex            10%        N/A       21%         3
 Tukima's Dance           Hex            10%        N/A       21%         3
 Dazzling Flash           Conj/Hex       12%        N/A       34%         3

Inventory:

Hand Weapons
 c - a +0 flail
 g - a +0 war axe (weapon)
 Y - a +0 hand axe
Armour
 b - a +0 robe (worn)
 m - a +1 cloak (worn)
Jewellery
 h - a +6 ring of strength (right hand)
 l - a ring of positive energy (left hand)
Scrolls
 i - 2 scrolls of identify
Potions
 a - a potion of heal wounds {unknown}
 d - a potion of lignification {unknown}
 e - 2 potions of curing {unknown}
 f - a potion of brilliance {unknown}

Dungeon Overview and Level Annotations

Branches:
Dungeon (4/15)
 Temple: D:4-7

Altars:
Nemelex Xobeh

Shops:
D:2 [

Annotations:
D:3 1 runed translucent door, Crazy Yiuf


Message History

The gnoll is moderately wounded.
The gnoll barely misses you.
You hit the gnoll but do no damage.
The gnoll is moderately wounded.
The gnoll hits you with a +0 whip. The gnoll closely misses you.
You slash the gnoll!
The gnoll is almost dead.
A hornet comes into view.
The gnoll closely misses you.
You barely miss the gnoll.
The gnoll is almost dead.
The hornet buzzes angrily.
You hear a shout!
The gnoll hits you but does no damage.
You hit the gnoll.
You kill the gnoll!
The hornet completely misses you.
Your Fighting skill increases to level 4!
You hit the hornet.
The hornet is lightly wounded.
The hornet stings you!
You feel yourself slow down. The hornet barely misses you.
You closely miss the hornet.
The hornet is lightly wounded.
You feel yourself speed up.
The hornet barely misses you. x2; The hornet stings you!
You are poisoned.
You feel yourself slow down.
You slash the hornet!
The hornet is moderately wounded.
You feel yourself speed up.
You feel very sick. The hornet stings you!
You feel yourself slow down. The hornet stings you.
You are lethally poisoned!
You feel as though you will be slow longer.
An orc comes into view. It is wielding a +0 whip.
You barely miss the hornet.
The hornet is moderately wounded.
You feel very sick. The hornet barely misses you. The hornet stings you!
You die...

##########%.######
.........#
#######.#######
#######........
#...........###
#>#####..##....
...####%.##.###
...........o#
...#.##@y##.# #.
#.)# .. #. ....!
.. .. ##.#.#.# # .
#.#.# # .....
#.#g#. #.# ..


You could see a hornet and an orc.

Vanquished Creatures
  2 orc priests (D:3)
  2 gnolls
  3 adders
  A worm (D:3)
  2 dart slugs (D:2)
  5 orcs
  6 ball pythons
  6 endoplasms
  10 goblins
  6 hobgoblins
  4 jackals (D:3)
  2 quokkas (D:2)
  11 bats
  2 frilled lizards
  3 kobolds
  8 rats
73 creatures vanquished.

Notes
Turn   | Place    | Note
-------+----------+-------------------------------------------
     0 | D:1      | qw the Ogre Enchanter began the quest for the Orb.
     0 | D:1      | Reached XP level 1. HP: 16/16 MP: 3/3
     0 | D:1      | 0 ||| qw: Version: 0.1-a-102-g441f92d
     0 | D:1      | 0 ||| qw: Game counter: 5247
     0 | D:1      | 0 ||| qw: Always use a shield: true
     0 | D:1      | 0 ||| qw: God list: Okawaru
     0 | D:1      | 0 ||| qw: Allow faded altars: false
     0 | D:1      | 0 ||| qw: Do Orc after D:15 true
     0 | D:1      | 0 ||| qw: Do second Lair branch before Depths: true
     0 | D:1      | 0 ||| qw: Lair rune preference: random
     0 | D:1      | 0 ||| qw: Plans: Normal
     0 | D:1      | 0 ||| PLANNING D:1-11
    99 | D:1      | 99 ||| Stepping ~*~*~tactically~*~*~ (stealth).
   101 | D:1      | 101 ||| Stepping ~*~*~tactically~*~*~ (stealth).
   106 | D:1      | Reached skill level 1 in Axes
   107 | D:1      | 107 ||| Stepping ~*~*~tactically~*~*~ (stealth).
   109 | D:1      | 109 ||| Stepping ~*~*~tactically~*~*~ (stealth).
   142 | D:1      | Reached skill level 1 in Fighting
   190 | D:1      | 190 ||| SWAPPING to +0 club.
   191 | D:1      | 191 ||| DROPPING +1 dagger.
   195 | D:1      | Found a faded altar of an unknown god.
   218 | D:1      | Reached XP level 2. HP: 23/27 MP: 5/5
   426 | D:1      | 426 ||| Stepping ~*~*~tactically~*~*~ (stealth).
   446 | D:1      | 446 ||| Stepping ~*~*~tactically~*~*~ (stealth).
   449 | D:1      | 449 ||| Stepping ~*~*~tactically~*~*~ (stealth).
   741 | D:1      | 741 ||| SWAPPING to +0 hand axe.
   840 | D:1      | Reached XP level 3. HP: 32/33 MP: 6/6
   993 | D:1      | 993 ||| READING scroll labelled LOUTHR MALI.
   994 | D:1      | 994 ||| DROPPING 2 potions of invisibility.
  1044 | D:2      | 1044 ||| Stepping ~*~*~tactically~*~*~ (stealth).
  1112 | D:2      | 1112 ||| FLEEEEING.
  1113 | D:2      | 1113 ||| FLEEEEING.
  1114 | D:2      | 1114 ||| FLEEEEING.
  1115 | D:2      | 1115 ||| FLEEEEING.
  1116 | D:2      | 1116 ||| FLEEEEING.
  1117 | D:2      | 1117 ||| FLEEEEING.
  1118 | D:2      | 1118 ||| FLEEEEING.
  1294 | D:2      | 1294 ||| Stepping ~*~*~tactically~*~*~ (stealth).
  1295 | D:2      | 1295 ||| Stepping ~*~*~tactically~*~*~ (stealth).
  1296 | D:2      | 1296 ||| Stepping ~*~*~tactically~*~*~ (stealth).
  1478 | D:2      | Found Finibukk's Antique Armour Boutique.
  1489 | D:2      | 1489 ||| BUYING cloak (94 gold).
  1489 | D:2      | Bought a cloak for 94 gold pieces
  1589 | D:2      | 1589 ||| Stepping ~*~*~tactically~*~*~ (hiding).
  1841 | D:2      | 1841 ||| Stepping ~*~*~tactically~*~*~ (hiding).
  1904 | D:2      | 1904 ||| Stepping ~*~*~tactically~*~*~ (stealth).
  1907 | D:2      | 1907 ||| Stepping ~*~*~tactically~*~*~ (stealth).
  1915 | D:2      | Reached skill level 3 in Axes
  1915 | D:2      | Reached XP level 4. HP: 23/42 MP: 7/7
  2011 | D:2      | 2011 ||| Stepping ~*~*~tactically~*~*~ (stealth).
  2015 | D:2      | 2015 ||| Stepping ~*~*~tactically~*~*~ (stealth).
  2028 | D:2      | 2028 ||| FLEEEEING.
  2037 | D:2      | 2037 ||| STAIRDANCE
  2121 | D:1      | 2121 ||| UPGRADING to +0 cloak.
  2126 | D:1      | 2126 ||| UPGRADING to ring of positive energy.
  2127 | D:1      | 2127 ||| READING scroll labelled WAAMME EKLAUPS.
  2128 | D:1      | 2128 ||| READING 2 scrolls labelled MOWUAST SAKORO.
  2131 | D:1      | 2131 ||| READING scroll labelled KIGRON DUJOASK.
  2132 | D:1      | 2132 ||| READING scroll labelled GAIXTA INAISK.
  2133 | D:1      | 2133 ||| READING scroll of teleportation.
  2289 | D:2      | 2289 ||| DROPPING +0 club.
  2311 | D:2      | 2311 ||| READING scroll labelled ETOOTU ETYUMAZ.
  2365 | D:3      | 2365 ||| Stepping ~*~*~tactically~*~*~ (stealth).
  2368 | D:3      | 2368 ||| Stepping ~*~*~tactically~*~*~ (stealth).
  2421 | D:3      | Reached skill level 3 in Fighting
  2449 | D:3      | 2449 ||| DROPPING +0 whip.
  2469 | D:3      | Reached XP level 5. HP: 23/53 MP: 8/8
  2660 | D:3      | HP: 13/53 [orc/+0 short sword (4)]
  3071 | D:3      | 3071 ||| Stepping ~*~*~tactically~*~*~ (stealth).
  3273 | D:3      | Found a sparkling altar of Nemelex Xobeh.
  3398 | D:3      | 3398 ||| READING scroll of enchant armour.
  3398 | D:3      | 3398 ||| ENCHANTING +0 cloak.
  3469 | D:3      | Found a runed translucent door.
  3470 | D:3      | Noticed Crazy Yiuf
  3707 | D:3      | 3707 ||| UPGRADING to +6 ring of strength.
  3708 | D:3      | 3708 ||| DRINKING 2 cyan potions.
  3709 | D:3      | 3709 ||| DRINKING 2 emerald potions.
  3710 | D:3      | 3710 ||| DROPPING potion of flight.
  3711 | D:3      | 3711 ||| DROPPING potion of attraction.
  3759 | D:4      | 3759 ||| Stepping ~*~*~tactically~*~*~ (stealth).
  3807 | D:4      | 3807 ||| Stepping ~*~*~tactically~*~*~ (stealth).
  3809 | D:4      | 3809 ||| Stepping ~*~*~tactically~*~*~ (stealth).
  3828 | D:4      | 3828 ||| Stepping ~*~*~tactically~*~*~ (stealth).
  3830 | D:4      | 3830 ||| Stepping ~*~*~tactically~*~*~ (stealth).
  3831 | D:4      | 3831 ||| Stepping ~*~*~tactically~*~*~ (stealth).
  3860 | D:4      | HP: 12/54 [orc/+0 war axe (2)]
  4104 | D:4      | 4104 ||| Stepping ~*~*~tactically~*~*~ (hiding).
  4105 | D:4      | 4105 ||| SWAPPING to +0 war axe.
  4117 | D:4      | Noticed a hornet
  4122 | D:4      | HP: 10/54 [hornet (4)]
  4123 | D:4      | Slain by a hornet

Levels and vault maps discovered:
D:1:      enne_arrival_octagon_isle, layout_basic,
          chequers_ecumenical_altar_twisty
D:2:      layout_rooms, serial_shops, nicolae_shop_crystal, minmay_nonomino_d4
D:3:      layout_basic, nemelex_diamond_rough_becter, kennysheep_another_room,
          uniq_crazy_yiuf_cottage
D:4:      layout_loops_ring, serial_rivers, chequers_serial_rivers_large_b,
          chequers_serial_rivers_marsh, chequers_serial_rivers_micro_e,
          chequers_serial_rivers_small_a

Skill      XL: |  1  2  3  4  5 |
---------------+----------------+-----
Axes           | 1 2 3 4 |  4.1
Fighting       | 1 2 3 4 |  4.0
Short Blades   | |  0.8
Dodging        | |  1.7
Stealth        | |  2.1
Spellcasting   | |  2.4
Hexes          | |  2.6

Action                   |  1- 3 |  4- 6 || total
-------------------------+-------+-------++-------
Melee: Dagger            |    16 |       ||    16
       Club              |    56 |       ||    56
       Hand axe          |    94 |   116 ||   210
       Punch             |     1 |     1 ||     2
       War axe           |       |    12 ||    12
Throw: Boomerang         |    17 |     7 ||    24
  Use: Scroll            |     1 |     7 ||     8
       Potion            |       |     2 ||     2
 Stab: Distracted        |       |     1 ||     1
Armor: Robe              |    59 |    34 ||    93
Dodge: Dodged            |    67 |    64 ||   131

Table legend:
 A = Non-vault XP
 B = Vault XP
 C = Vault XP percentage of total XP
 D = Non-vault monster count
 E = Vault monster count
 F = Vault count percentage of total count
                 A         B        C        D         E       F
            +---------+---------+-------+---------+---------+-------
      Total |     235 |      37 |  13.6 |      66 |       7 |   9.6
            +---------+---------+-------+---------+---------+-------
        D:1 |      35 |       0 |   0.0 |      23 |       0 |   0.0
        D:2 |      38 |      37 |  49.3 |      15 |       7 |  31.8
        D:3 |     126 |       0 |   0.0 |      22 |       0 |   0.0
        D:4 |      36 |       0 |   0.0 |       6 |       0 |   0.0
            +---------+---------+-------+---------+---------+-------
